 Seeded DCSS version 0.25.1-8-g42b30a86e7 (webtiles) character file.

Game seed: 11301349378719138389 (custom seed)

114 sahdkjhfkaj the Covert (level 4, 22/22 HPs)
             Began as a Spriggan Assassin on Dec 2, 2020.
             Quit the game on level 3 of the Dungeon.
             The game lasted 00:02:06 (2448 turns).

sahdkjhfkaj the Covert (Spriggan Assassin)          Turns: 2448, Time: 00:02:06

Health: 22/22      AC:  3    Str:  7    XL:     4   Next: 67%
Magic:  5/5        EV: 17    Int: 12    God:
Gold:   148        SH:  0    Dex: 18    Spells: 3/3 levels left

rFire    . . .     SeeInvis +   a - +2 dagger
rCold    . . .     Gourm    .   (shield restricted)
rNeg     . . .     Faith    .   b - +0 robe
rPois    .         Spirit   .   (helmet restricted)
rElec    .         Reflect  .   c - +0 cloak
rCorr    .         Harm     .   (gloves unavailable)
MR       .....                  (boots unavailable)
Stlth    ++++......             (no amulet)
HPRegen  0.07/turn              (no ring)
MPRegen  0.09/turn              (no ring)

@: very quick
A: very small, unfitting armour, see invisible, herbivore, speed 3, slow
metabolism 2
a: no special abilities


You were on level 3 of the Dungeon.
You were not hungry.

You visited 1 branch of the dungeon, and saw 3 of its levels.

You collected 148 gold pieces.

Inventory:

Hand Weapons
 a - a +2 dagger (weapon)
Missiles
 d - 18 poisoned darts (quivered)
 e - a curare-tipped dart
Armour
 b - a +0 robe (worn)
 c - a +0 cloak (worn)
Scrolls
 g - 2 scrolls of remove curse
 h - a scroll of fog
 i - 3 scrolls of teleportation
Potions
 l - a potion of curing
 m - a potion of lignification
Comestibles
 f - 4 rations


   Skills:
 - Level 1.5 Fighting
 - Level 2.1 Short Blades
 - Level 2.0 Throwing
 - Level 1.5 Dodging
 + Level 9.3 Stealth


You had 3 spell levels left.
You didn't know any spells.
Your spell library was empty.

Dungeon Overview and Level Annotations

Branches:
Dungeon (3/15)

Altars:
Hepliaklqana
The Shining One


Innate Abilities, Weirdness & Mutations

You are very small and have problems with some larger weapons.
You are too small for most types of armour.
You have supernaturally acute eyesight. (SInv)
You are a herbivore.
You cover ground extremely quickly.
You need to consume almost no food.


Message History

The hobgoblin is severely wounded.
The hobgoblin misses you.
You hit the hobgoblin but do no damage.
The hobgoblin is severely wounded.
The hobgoblin barely misses you.
You hit the hobgoblin.
You kill the hobgoblin!
No target in view!
No target in view!
No target in view!
No target in view!
No target in view!
No target in view!
No target in view!
No target in view!
No target in view!
No target in view!
No target in view!
No target in view!
Are you sure you want to abandon this character and quit the game? (Confirm with "yes".)

##. ... ## #.#
# ###.##.##.##
......$.#†#
#.##.#.@#
#$#.#.##
#.....#
#.#####.#.#.#
##...........#
.......<.#####
##########


There were no monsters in sight!

Vanquished Creatures
  5 adders (D:2)
  4 oozes
  A worm (D:2)
  2 dart slugs (D:2)
  3 leopard geckos
  A bat (D:1)
  5 giant cockroaches
  4 hobgoblins
  4 jackals (D:1)
  A quokka (D:2)
  A ball python (D:1)
  3 frilled lizards (D:2)
  4 goblins
  4 kobolds
  5 rats
47 creatures vanquished.

Notes
Turn   | Place    | Note
-------+----------+-------------------------------------------
     0 | D:1      | sahdkjhfkaj the Spriggan Assassin began the quest for the
                  | Orb.
     0 | D:1      | Reached XP level 1. HP: 10/10 MP: 2/2
   189 | D:1      | Reached skill level 6 in Stealth
   248 | D:1      | Reached XP level 2. HP: 14/14 MP: 3/3
   281 | D:1      | Reached skill level 7 in Stealth
   695 | D:1      | Reached XP level 3. HP: 18/18 MP: 4/4
   880 | D:2      | Reached skill level 8 in Stealth
  1562 | D:2      | Reached XP level 4. HP: 20/22 MP: 5/5
  1613 | D:2      | Found a hazy altar of Hepliaklqana.
  1819 | D:2      | Reached skill level 9 in Stealth
  2017 | D:2      | Found a glowing golden altar of the Shining One.
  2448 | D:3      | Quit the game

Illustrated notes

Levels and vault maps discovered:
D:1:      roderic_crop_circles_arrival_small, layout_basic, st_stairs_6
D:2:      layout_loops_cross, nicolae_tso_swordbearing_angel, marbit_many_paths,
          first_ration
D:3:      layout_loops_ring, uniq_sigmund, uniq_terence

Skill      XL: |  1  2  3  4 |
---------------+-------------+-----
Stealth        | 6 7 8 9 |  9.3
Fighting       | |  1.5
Short Blades   | |  2.1
Throwing       | |  2.0
Dodging        | |  1.5

Action                   |  1- 3 |  4- 6 || total
-------------------------+-------+-------++-------
Melee: Dagger            |   104 |    33 ||   137
Throw: Dart              |    15 |       ||    15
  Use: Scroll            |     3 |     2 ||     5
       Potion            |     2 |     1 ||     3
 Stab: Sleeping          |     7 |     6 ||    13
Armor: Robe              |    18 |     2 ||    20
Dodge: Dodged            |   115 |    16 ||   131
